 Dungeon Sprint DCSS version 0.30.1-4-g462c640d31 (webtiles) character file.

Game seed: 10657027661857646306

106 Heoruswealwe the Trooper (level 4, -6/47 HPs)
             Began as a Hill Orc Fighter on Aug 24, 2023.
             Killed from afar by Sigmund (8 damage)
             ... with a puff of flame
             ... in the Dungeon (Sprint I: "Red Sonja").
             The game lasted 00:00:28 (39 turns).

Heoruswealwe the Trooper (Hill Orc Fighter)           Turns: 39, Time: 00:00:29

Health: -6/47      AC:  7    Str: 18    XL:     4   Next: 84%
Magic:  4/4        EV:  9    Int: 10    God:
Gold:   0          SH:  5    Dex: 10    Spells: 3/3 levels left

rFire   . . .        a - +0 war axe
rCold   . . .        c - +0 buckler
rNeg    . . .        b - +0 scale mail
rPois   .            (no helmet)
rElec   .            (no cloak)
rCorr   .            (no gloves)
SInv    .            (no boots)
Will    .....        (no amulet) Stlth
                     (no ring)
HPRegen 0.27/turn    (no ring)
MPRegen 0.09/turn

%: no teleportation
@: lethally poisoned (-6 -> -9)
A: no striking features
a: no special abilities


You were in the Dungeon.
You visited 1 branch

Inventory:

Hand Weapons
 a - a +0 war axe (weapon)
Armour
 b - a +0 scale mail (worn)
 c - a +0 buckler (worn)
Wands
 k - a wand of digging (2)
Scrolls
 j - a scroll of blinking
Potions
 d - a potion of might
 e - a potion of curing
 f - a potion of heal wounds
 g - a potion of haste
 h - 2 potions of magic
 i - a potion of berserk rage
 l - a potion of cancellation {unknown}


   Skills:
 + Level 7.0 Fighting
 + Level 5.6 Axes
 + Level 6.5 Armour
 + Level 0.3 Dodging
 + Level 5.4 Shields


You had 3 spell levels left.
You didn't know any spells.
Your spell library was empty.

Dungeon Overview and Level Annotations

Branches:
Dungeon (1/1)

Altars:

Annotations:
D Sigmund


Message History

The ogre is almost dead.
The ogre closely misses you.
You hit the ogre.
You kill the ogre!
Your Fighting skill gained 2 levels and is now at level 7!
Your Axes skill increases to level 5!
Your Armour skill gained 2 levels and is now at level 6!
Your Shields skill increases to level 5!
You have reached level 4!
Things that are here:
a +0 giant spiked club; an ogre corpse As you open the door, it creaks loudly!
Sigmund the Dreaded comes into view.
He is wielding a +2 scythe of venom.
Sigmund shouts!
Sigmund flickers, as though insubstantial.
You block Sigmund's attack.
There is an open door here.
You hit Sigmund.
Sigmund is moderately wounded.
Sigmund closely misses you.
You hit Sigmund.
Sigmund is heavily wounded.
Sigmund hits you with a +2 scythe of venom!
* * * LOW HITPOINT WARNING * * *
You are lethally poisoned!
You closely miss Sigmund.
Sigmund is heavily wounded.
* * * LOW HITPOINT WARNING * * *
You feel very sick.
You barely miss Sigmund.
Sigmund is heavily wounded.
* * * LOW HITPOINT WARNING * * *
You feel sick. Sigmund closely misses you.
You hit Sigmund.
Sigmund is severely wounded.
* * * LOW HITPOINT WARNING * * *
You feel sick.
Sigmund points at you and mumbles some strange words.
The puff of flame hits you!
You die...

#############
#<.#..').#..+
#..').#..@@.#
#..#####+####
#..# #..#
#..# #⌠⌠#
####


You could see Sigmund.

Vanquished Creatures
  An ogre (D)
  Ijyb (D)
2 creatures vanquished.

Notes
Turn   | Place    | Note
-------+----------+-------------------------------------------
     0 | D        | Heoruswealwe the Hill Orc Fighter began the quest for the
                  | Orb.
     0 | D        | Reached XP level 1. HP: 19/19 MP: 1/1
     1 | D        | Noticed Ijyb
    17 | D        | Killed Ijyb
    18 | D        | Reached skill level 5 in Fighting
    18 | D        | Reached XP level 2. HP: 17/29 MP: 2/2
    18 | D        | Reached XP level 3. HP: 21/36 MP: 3/3
    21 | D        | Noticed an ogre
    30 | D        | Killed an ogre
    31 | D        | Reached skill level 7 in Fighting
    31 | D        | Reached skill level 5 in Axes
    31 | D        | Reached skill level 5 in Shields
    31 | D        | Reached XP level 4. HP: 14/47 MP: 4/4
    33 | D        | Noticed Sigmund
    39 | D        | HP: 2/47 [poisoned by Sigmund]
    39 | D        | Killed from afar by Sigmund

Illustrated notes

Levels and vault maps discovered:
D:        dungeon_sprint_1 [red_sonja_temple_1, red_sonja_temple_small_1]

Skill      XL: |  1  2  3 |
---------------+----------+-----
Fighting       | 5 7 |  7.0
Axes           | 4 5 |  5.6
Armour         | 4 6 |  6.5
Shields        | 4 5 |  5.4
Dodging        | |  0.3

Action                     |  1- 3 |  4- 6 || total
---------------------------+-------+-------++-------
  Melee: War axe           |    23 |     5 ||    28
 Armour: Scale mail        |     8 |       ||     8
  Dodge: Dodged            |    11 |     2 ||    13
  Block: Buckler           |       |     1 ||     1
